Map: Acid Plant LE

Players

Silky

  • Race: Zerg Zerg
  • Spawn Location: 11:00

ShoWTimE - Winner!

  • Race: Protoss Protoss
  • Spawn Location: 5:00

Event: WCS Valencia 2018

VOD

Have the link to the VOD?

Description

Time

  • Played on: July 12, 2018, 1:17 p.m.
  • Length: 15:54

All games in this series

Show
View Real Time Build Order
Export as new Build Order

Silky Zerg 

Build Orders: Hatch First, Lurkers 

Get SALT Encoding   

  12  0:00  Drone  
  13  0:12  Overlord  
  13  0:17  Drone  
  14  0:30  Drone x2  
  16  0:48  Hatchery  
  15  0:51  Drone  
  15  0:55  Drone  
  17  0:58  Drone  
  18  1:09  Extractor  
  17  1:15  Spawning Pool  
  17  1:18  Drone  
  17  1:20  Drone  
  18  1:28  Drone  
  19  1:39  Drone  
  20  1:49  Overlord  
  20  2:01  Zergling x2, Queen  
  20  2:02  Zergling x2, Queen  
  26  2:10  Metabolic Boost  
  26  2:12  Drone  
  26  2:14  Drone  
  28  2:21  Drone  
  28  2:22  Drone  
  30  2:37  Hatchery  
  30  2:41  Drone  
  30  2:47  Queen  
  32  2:52  Overlord  
  32  2:55  Drone  
  32  2:56  Drone  
  34  3:01  Drone  
  34  3:02  Drone  
  36  3:05  Overlord  
  36  3:11  Drone  
  36  3:12  Drone  
  38  3:13  Drone  
  38  3:16  Drone  
  38  3:17  Drone  
  41  3:22  Queen  
  41  3:26  Overlord  
  43  3:29  Drone  
  43  3:30  Drone  
  43  3:34  Drone x2  
  47  3:39  Overlord  
  47  3:42  Spore Crawler  
  47  3:44  Drone x2  
  47  3:47  Spore Crawler  
  47  3:49  Drone  
  47  3:51  Drone  
  47  3:54  Drone  
  50  3:56  Drone x2  
  50  4:00  Lair  
  52  4:07  Drone x3  
  52  4:08  Drone x2  
  57  4:14  Overlord, Spore Crawler  
  57  4:16  Zergling x2  
  54  4:31  Overlord  
  54  4:32  Drone x3  
  54  4:33  Drone x6  
  62  4:40  Drone x3  
  62  4:43  Extractor  
  62  4:44  Queen  
  62  4:45  Extractor  
  65  4:48  Zergling x6  
  68  4:55  Overlord  
  68  4:57  Drone x2  
  70  5:01  Hydralisk Den  
  70  5:02  Evolution Chamber  
  70  5:05  Zergling x2  
  70  5:06  Zergling x10  
  74  5:09  Drone x2  
  76  5:14  Queen  
  76  5:18  Extractor  
  76  5:20  Queen  
  79  5:30  Hydralisk x3  
  79  5:31  Hydralisk x2  
  79  5:33  Overlord  
  89  5:36  Spore Crawler, Drone x2  
  89  5:42  Overlord x2  
  90  5:53  Drone  
  90  5:56  Hydralisk x4  
  93  6:02  Hydralisk x3  
  96  6:12  Hydralisk x2  
  94  6:19  Hydralisk  
  94  6:21  Overlord  
  94  6:25  Drone x7  
  101  6:28  Extractor  
  101  6:31  Hydralisk x2  
  105  6:38  Overlord  
  105  6:39  Drone x3  
  108  6:42  Zerg Missile Weapons Level 1  
  108  6:48  Drone x2  
  108  6:54  Hydralisk, Overseer  
  110  6:58  Muscular Augments, Overlord  
  110  7:00  Zergling x8  
  116  7:02  Extractor, Hatchery  
  114  7:09  Zergling x6  
  114  7:13  Hydralisk x2  
  119  7:20  Hydralisk  
  121  7:23  Drone  
  121  7:24  Lurker Den  
  121  7:26  Drone  
  121  7:28  Drone  
  123  7:30  Spore Crawler  
  123  7:36  Hydralisk x5  
  131  7:46  Drone  
  131  7:47  Drone  
  132  7:52  Hydralisk  
  132  7:53  Hydralisk  
  132  7:57  Overlord  
  136  8:03  Overlord  
  135  8:09  Grooved Spines  
  135  8:11  Zergling x4  
  135  8:12  Zergling x8  
  131  8:20  Hydralisk x3  
  131  8:26  Hydralisk x3  
  121  8:31  Hydralisk x3  
  121  8:32  Hydralisk x4  
  132  8:34  Queen  
  132  8:36  Drone x3  
  132  8:37  Drone x2  
  133  8:43  Drone  
  133  8:44  Zerg Missile Weapons Level 2  
  133  8:45  Drone x2  
  136  8:48  Drone  
  136  8:53  Lurker  
  138  9:00  Drone x4  
  141  9:06  Zergling x10  
  141  9:09  Queen, Drone x2  
  150  9:12  Hydralisk x3  
  150  9:14  Lurker x2  
  157  9:26  Extractor  
  156  9:37  Hatchery  
  155  9:39  Hydralisk x2  
  155  9:41  Overlord  
  159  9:47  Infestation Pit  
  159  9:48  Spore Crawler  
  159  9:49  Extractor  
  155  9:59  Overlord  
  154  10:06  Zergling x2  
  160  10:07  Zergling x26  
  160  10:09  Overlord  
  156  10:19  Hydralisk  
  156  10:20  Hydralisk x11  
  156  10:26  Drone x3  
  152  10:30  Drone x4  
  153  10:45  Lurker x4  
  153  10:46  Lurker x2  
  153  10:47  Lurker  
  160  10:55  Drone x4  
  160  10:56  Hydralisk x4  
  172  11:03  Lurker  
  173  11:06  Overlord x2  
  168  11:25  Hive, Drone x2  
  170  11:26  Zergling x14, Spire  
  170  11:29  Lurker x2  
  170  11:31  Zergling x6  
  170  11:32  Zergling x2  
  182  11:33  Drone  
  182  11:35  Spine Crawler  
  182  11:36  Spine Crawler  
  182  11:39  Overseer  
  181  11:40  Drone x3  
  181  11:41  Overseer  
  184  11:50  Overlord  
  178  11:55  Hydralisk x7  
  165  12:09  Hydralisk x7  
  152  12:16  Zergling x12  
  152  12:17  Zergling x2  
  152  12:18  Zergling x2  
  138  12:26  Hydralisk x4  
  138  12:28  Zergling x4  
  122  12:33  Drone x3  
  124  12:38  Adaptive Talons  
  124  12:39  Drone x2  
  124  12:40  Drone  
  116  12:52  Hydralisk x6  
  128  12:59  Lurker x3  
  128  13:00  Lurker  
  128  13:02  Drone  
  128  13:05  Queen  
  133  13:09  Lurker x2  
  133  13:10  Zergling x2, Spore Crawler  
  133  13:11  Zergling x10  
  142  13:16  Queen  
  142  13:19  Hydralisk x3  
  148  13:24  Lurker x2  
  148  13:26  Zergling x8  
  155  13:29  Overseer  
  155  13:31  Drone  
  155  13:32  Drone  
  155  13:33  Hydralisk x2  
  161  13:37  Hydralisk x2  
  165  13:45  Hydralisk x3  
  171  13:52  Lurker  
  171  13:54  Overlord  
  171  14:00  Hydralisk x5  
  155  14:16  Hydralisk x3  
  128  14:17  Zergling x2  
  128  14:21  Hydralisk x5  
  120  14:27  Hydralisk x3  
  126  14:33  Zergling x8  
  126  14:34  Zergling x16  
  126  14:37  Hydralisk  
  140  14:40  Hydralisk  
  140  14:41  Hydralisk x2  
  146  14:49  Hydralisk x4  
  154  14:54  Overseer  
  154  14:58  Hydralisk x3  
  156  15:02  Overseer  
  145  15:07  Hydralisk x2  
  145  15:08  Hydralisk x3  
  149  15:20  Hydralisk x5  
  156  15:41  Hatchery  
Show
View Real Time Build Order
Export as new Build Order

ShoWTimE Protoss - Winner!

Build Orders: 1 Gate Expand, Oracle Opening, Phoenix Opening, Zealot Archon, Archon Drop 

Get SALT Encoding   

  12  0:00  Probe  
  13  0:12  Probe  
  14  0:18  Pylon  
  14  0:24  Probe  
  15  0:32  Probe  
  15  0:40  Probe  
  15  0:41  Gateway  
  16  0:47  Assimilator  
  17  0:51  Probe  
  18  1:03  Probe  
  19  1:15  Probe  
  20  1:26  Nexus  
  20  1:35  Cybernetics Core  
  20  1:39  Probe  
  21  1:46  Assimilator  
  21  1:51  Probe  
  22  1:54  Pylon  
  22  2:03  Adept, Probe  
  23  2:15  Probe  
  26  2:17  Stargate  
  26  2:24  Warp Gate  
  26  2:27  Probe  
  26  2:29  Adept  
  27  2:34  Probe  
  29  2:39  Probe  
  29  2:42  Probe  
  32  2:51  Probe  
  32  2:52  Probe  
  32  2:53  Phoenix  
  32  2:56  Adept  
  36  3:03  Probe  
  36  3:04  Probe  
  40  3:09  Oracle, Pylon  
  40  3:15  Probe  
  40  3:16  Probe  
  42  3:26  Assimilator  
  45  3:28  Probe, Assimilator  
  45  3:31  Probe  
  47  3:39  Probe  
  47  3:40  Gateway, Probe  
  48  3:48  Probe  
  49  3:52  Probe  
  49  3:54  Robotics Facility  
  51  3:58  Probe  
  51  4:00  Pylon  
  52  4:05  Probe  
  53  4:10  Probe  
  53  4:16  Twilight Council  
  54  4:18  Probe  
  54  4:23  Charge  
  55  4:28  Gateway  
  55  4:29  Gateway  
  55  4:31  Warp Prism  
  53  4:40  Zealot  
  57  4:46  Gateway  
  57  4:48  Gateway  
  57  4:52  Templar Archives  
  57  4:54  Probe  
  58  5:06  Pylon  
  58  5:11  Nexus  
  58  5:15  Pylon  
  58  5:24  Shield Battery  
  58  5:28  Observer, High Templar x4  
  59  5:32  Archon, Pylon  
  59  5:33  Archon  
  59  5:34  Probe x2  
  69  5:40  Pylon  
  69  5:47  Probe x2  
  71  6:00  Zealot x4  
  71  6:01  Zealot x2  
  71  6:03  Probe x2  
  85  6:07  Psionic Storm  
  85  6:15  Probe x2  
  75  6:25  Zealot x6  
  87  6:32  Probe x2  
  89  6:33  Probe  
  88  6:44  Probe x2  
  88  6:45  Probe  
  88  6:46  Forge  
  91  6:48  High Templar x4  
  99  6:56  Probe x2  
  99  6:58  Probe  
  99  6:59  Assimilator, Pylon  
  102  7:03  Protoss Ground Weapons Level 1  
  102  7:04  Assimilator  
  102  7:08  Probe x2  
  102  7:10  Probe  
  105  7:18  High Templar x2  
  105  7:20  Probe x2, Pylon  
  105  7:22  Probe  
  112  7:23  Gateway  
  112  7:26  Zealot x2  
  112  7:27  Gateway  
  116  7:33  Pylon  
  116  7:38  Zealot x2  
  116  7:41  Pylon  
  120  7:44  Photon Cannon  
  120  7:46  Photon Cannon  
  120  7:47  Photon Cannon  
  120  7:49  Shield Battery, Zealot  
  122  7:55  Immortal  
  126  8:01  Zealot x3  
  126  8:04  Zealot  
  132  8:10  Zealot x2  
  136  8:22  Pylon  
  136  8:23  Pylon  
  136  8:25  Pylon  
  136  8:26  Immortal  
  125  8:33  High Templar x5  
  125  8:34  High Templar  
  131  8:36  Pylon  
  131  8:38  Archon x2  
  131  8:39  Archon  
  129  8:47  Nexus  
  129  8:54  Pylon  
  129  8:55  High Templar x2  
  133  8:57  Immortal, Protoss Ground Weapons Level 2  
  133  8:58  Gateway  
  133  9:00  Archon  
  131  9:08  Oracle  
  138  9:12  Shield Battery x2  
  138  9:13  Shield Battery  
  138  9:15  Pylon  
  138  9:19  Photon Cannon  
  138  9:23  Zealot x4, High Templar  
  146  9:30  Assimilator  
  146  9:35  Assimilator  
  146  9:36  Observer, Shield Battery  
  147  9:44  Zealot x4  
  155  9:52  Probe x3  
  158  9:54  Zealot x2  
  160  10:00  Warp Prism  
  160  10:04  Probe  
  160  10:06  Zealot x3  
  166  10:13  Oracle  
  153  10:20  Zealot x4  
  148  10:29  Observer  
  148  10:30  High Templar, Pylon  
  148  10:31  Zealot x2, High Templar  
  148  10:32  Zealot x4  
  156  10:37  Gateway, Archon  
  156  10:39  Photon Cannon  
  156  10:42  Robotics Facility  
  157  10:46  Photon Cannon  
  157  10:50  Photon Cannon  
  157  10:51  Photon Cannon  
  157  10:54  Immortal, Photon Cannon  
  157  10:56  High Templar x3  
  163  10:57  High Templar  
  163  11:00  Archon  
  163  11:01  Archon  
  169  11:15  Zealot x5  
  177  11:25  Shield Battery  
  171  11:28  Fleet Beacon, Pylon  
  171  11:30  Zealot  
  171  11:31  Protoss Ground Weapons Level 3  
  173  11:35  Zealot x2  
  173  11:36  Zealot  
  175  11:55  Zealot x6  
  176  12:02  Mothership  
  162  12:14  Zealot x4  
  136  12:25  Zealot x6  
  144  12:37  Stargate  
  144  12:40  Stargate  
  144  12:44  High Templar x3  
  144  12:45  High Templar x5, Tempest  
  152  12:51  Archon  
  152  12:52  Archon x2  
  156  13:02  Photon Cannon  
  156  13:03  Photon Cannon  
  156  13:04  Photon Cannon  
  156  13:06  Pylon  
  156  13:11  Probe x3  
  159  13:15  High Templar, Tempest  
  159  13:16  Zealot  
  163  13:20  Pylon, Tempest  
  173  13:37  Tempest  
  179  13:45  Zealot x3  
  185  13:51  Zealot x3  
  185  13:54  Zealot  
  193  14:01  Zealot x3  
  195  14:06  Zealot  
  174  14:12  Archon  
  174  14:13  Zealot x2  
  174  14:14  Zealot x2  
  174  14:16  Observer  
  161  14:17  Zealot x2  
  157  14:25  High Templar x3  
  163  14:31  High Templar  
  163  14:36  High Templar x4  
  173  14:40  Archon x2  
  173  14:46  Pylon  
  173  14:49  High Templar x2  
  177  14:55  Archon  
  173  15:03  Zealot x2  
  173  15:04  Zealot x2  
  181  15:10  Zealot x3  
  181  15:11  Zealot  
  185  15:18  Nexus  
  185  15:21  Pylon  
  185  15:22  High Templar x2  
  189  15:35  Archon  
  185  15:37  Zealot x4  
  185  15:38  Zealot  
  191  15:44  Zealot x2  
  191  15:45  Zealot  
Tags
 
Add a new tag
Caveats
  • Supply blocks, unpowered buildings, or Contaminate may cause inaccurate times.
  • Supply counts are checked every 10 seconds.